 Dungeon Crawl Stone Soup version 0.30-a0-377-g5cb311bc9f (webtiles) character file.

Game seed: 15107176663102042408

1003 qeuew the Trooper (level 8, 0/65 HPs)
             Began as a Formicid Fighter on Nov 27, 2022.
             Was a Follower of Ashenzari.
             Slain by a troll (11 damage)
             ... on level 6 of the Dungeon.
             The game lasted 00:18:25 (5043 turns).

qeuew the Trooper (Formicid Fighter)                Turns: 5043, Time: 00:18:26

Health: 0/65       AC: 10    Str: 23    XL:     8   Next: 43%
Magic:  8/8        EV: 11    Int:  8    God:    Ashenzari [*.....]
Gold:   301        SH:  6    Dex: 19    Spells: 7/7 levels left

rFire   . . .      SeeInvis +    a - +0 war axe of Ashenzari's Soothsayer {Elem, Fort} (curse)
rCold   . . .      Faith    .    c - +0 buckler
rNeg    . . .      Spirit   .    b - +1 scale mail
rPois   .          Reflect  .    (helmet unavailable)
rElec   .          Harm     .    (no cloak)
rCorr   .          Rampage  .    (no gloves)
Will    .....                    (no boots)
Stlth   ..........               (no amulet)
HPRegen 0.30/turn                g - ring of Supernal Gnosis {Slay+4, Bglg, Fort} (curse)
MPRegen 0.11/turn                l - +6 ring of dexterity

@: mighty
A: permanent stasis, dig shafts and tunnels, antennae 3, four strong arms,
iridescent scales 1
a: Dig, Shaft Self, Renounce Religion, Curse Item, Shatter the Chains


You were on level 6 of the Dungeon.
You worshipped Ashenzari.
Ashenzari was aware of your devotion.
You visited 2 branches of the dungeon, and saw 7 of its levels.
You also visited: Sewer.

You collected 301 gold pieces.

Inventory:

Hand Weapons
 a - the cursed +0 war axe of Ashenzari's Soothsayer (weapon) {Elem, Fort}

   It has a curse which improves the following skills: Elements: Fire Magic, Ice
   Magic, Air Magic and Earth Magic.
   Fortitude: Armour and Shields.
 m - a +0 broad axe
Armour
 b - a +1 scale mail (worn)
 c - a +0 buckler (worn)
Jewellery
 e - a ring of flight
 g - the cursed ring of Supernal Gnosis (left hand) {Slay+4, Bglg, Fort}
   (You found it on level 1 of the Dungeon)

   [ring of slaying]

   Slay:      It affects your accuracy & damage with ranged weapons and melee
   (+4).
   It has a curse which improves the following skills: Beguiling: Conjurations,
   Hexes and Translocations.
   Fortitude: Armour and Shields.
 l - a +6 ring of dexterity (right hand)
 q - a ring of resist corrosion
Wands
 s - a wand of roots (8)
Scrolls
 f - a scroll of enchant armour
 i - 4 scrolls of amnesia
 n - a scroll of magic mapping
Potions
 h - a potion of ambrosia
 j - 2 potions of curing
 o - 2 potions of mutation
 p - a potion of resistance
 r - a potion of flight


   Skills:
 * Level 6.4 Fighting
 + Level 4.0 Axes
 + Level 5.1(6.4) Armour
 + Level 3.0 Dodging
 + Level 6.1(7.5) Shields
 + Level 2.5 Evocations


You had 7 spell levels left.
You didn't know any spells.
Your spell library contained the following spells:

 Spells                   Type           Power      Damage    Failure   Level
 Apportation              Tloc           0%         N/A       77%         1
 Necrotise                Necr           0%         1d4       77%         1
 Summon Small Mammal      Summ           0%         N/A       77%         1
 Momentum Strike          Conj/Tloc      0%         3d8       88%         2
 Lesser Beckoning         Tloc           0%         N/A       98%         3
 Ozocubu's Armour         Ice            0%         N/A       98%         3
 Summon Guardian Golem    Hex/Summ       0%         N/A       98%         3
 Manifold Assault         Tloc           0%         N/A       100%        4
 Dispersal                Tloc           0%         N/A       100%        6
 Orb of Destruction       Conj           0%         9d5       100%        7
 Ozocubu's Refrigeration  Ice            0%         4d7       100%        7
 Spellforged Servitor     Conj/Summ      0%         N/A       100%        7
 Disjunction              Tloc           0%         N/A       100%        8
 Blink                    Tloc           Unusable   N/A       N/A         2

Dungeon Overview and Level Annotations

Branches:
Dungeon (6/15)             Temple (1/1) D:4           Sewer (visited)

Altars:
Ashenzari
Nemelex Xobeh

Shops:
D:4 (


Innate Abilities, Weirdness & Mutations

You cannot be hasted, slowed, berserked, paralysed or teleported.
You can dig through walls and to a lower floor.
You have a pair of large antennae on your head. (SInv)
Your four strong arms can wield two-handed weapons with a shield.
You are partially covered in iridescent scales. (AC +2)


Message History

You are too injured to fight recklessly!
You are too injured to fight recklessly!
You are too injured to fight recklessly!
You are too injured to fight recklessly!
You are too injured to fight recklessly!
You are too injured to fight recklessly!
You are too injured to fight recklessly!
You are too injured to fight recklessly!
You are too injured to fight recklessly!
You are too injured to fight recklessly!
You are too injured to fight recklessly!
You are too injured to fight recklessly!
You are too injured to fight recklessly!
You are too injured to fight recklessly!
You are too injured to fight recklessly!
You are too injured to fight recklessly!
You are too injured to fight recklessly!
You are too injured to fight recklessly!
You are too injured to fight recklessly!
You are too injured to fight recklessly!
You are too injured to fight recklessly!
You are too injured to fight recklessly!
You are too injured to fight recklessly!
You are too injured to fight recklessly!
You are too injured to fight recklessly!
You are too injured to fight recklessly!
You are too injured to fight recklessly!
You are too injured to fight recklessly!
You are too injured to fight recklessly!
You are too injured to fight recklessly!
Unknown command.
You barely miss the troll.
The troll is heavily wounded.
The troll bites you!
* * * LOW HITPOINT WARNING * * *
The troll claws you but does no damage. The troll barely misses you.
Unknown command.
You feel very mighty all of a sudden. The troll bites you!
You die...

{# #######..###.... .##
................ ..#
#######.####.... .. #.#
##.## #####. ##.# #.##
#..##>## #..# ##...
##..#.<######.#####....
##.##T#.........#.<...
#...@..........#.....
####.#.........#)....
#...........#!....
###.........#.....
#...[.....#.....
#........>##....
#...<.)...###...
#.........# ####
###########


You could see a troll.

Vanquished Creatures
  Sigmund (D:6)
  An ice beast (D:5)
  An ogre (D:5)
  A scorpion (D:5)
  A necrophage (D:5)
  7 jellies
  A hound (D:5)
  An iguana (D:5)
  An orc wizard (D:5)
  3 gnolls (D:5)
  12 adders
  2 river rats (Sewer)
  A worm (Sewer)
  2 dart slugs
  4 orcs
  6 endoplasms
  4 giant cockroaches
  7 goblins
  11 hobgoblins
  9 jackals
  4 quokkas
  7 ball pythons
  8 bats
  3 frilled lizards (D:2)
  7 kobolds
  7 rats
112 creatures vanquished.

Notes
Turn   | Place    | Note
-------+----------+-------------------------------------------
     0 | D:1      | qeuew the Formicid Fighter began the quest for the Orb.
     0 | D:1      | Reached XP level 1. HP: 18/18 MP: 1/1
   102 | D:1      | Reached XP level 2. HP: 24/24 MP: 2/2
   247 | D:1      | Found a faded altar of an unknown god.
   263 | D:1      | Prayed at the altar of an unknown god.
   263 | D:1      | Became a worshipper of Ashenzari the Shackled
   381 | D:1      | Reached XP level 3. HP: 30/30 MP: 3/3
  1121 | D:2      | Found a sparkling altar of Nemelex Xobeh.
  1333 | D:2      | Reached skill level 1 in Dodging
  1333 | D:2      | Reached XP level 4. HP: 37/37 MP: 4/4
  1866 | D:3      | Gained mutation: Your spells are a little easier to cast,
                  | but a little less powerful. [potion of mutation]
  1866 | D:3      | Gained mutation: You are dopey. (Int -2) [potion of
                  | mutation]
  1925 | D:4      | Found a glowing drain.
  1963 | D:4      | Reached XP level 5. HP: 42/42 MP: 5/5
  1971 | Sewer    | Entered a sewer
  2113 | Sewer    | Reached skill level 5 in Shields
  2113 | Sewer    | Reached XP level 6. HP: 35/49 MP: 6/6
  2350 | Sewer    | Reached skill level 5 in Fighting
  2377 | Sewer    | Found a viscous altar of Jiyva.
  2974 | D:4      | Reached * piety under Ashenzari
  3019 | D:4      | Found a staircase to the Ecumenical Temple.
  3024 | Temple   | Entered the Ecumenical Temple
  3063 | D:4      | Found Norph's Weapon Shop.
  3382 | D:5      | Entered Level 5 of the Dungeon
  3458 | D:5      | Noticed an ogre
  3463 | D:5      | Killed an ogre
  3464 | D:5      | Reached XP level 7. HP: 26/56 MP: 7/7
  3561 | D:5      | Reached skill level 1 in Evocations
  4146 | D:5      | Reached XP level 8. HP: 56/64 MP: 8/8
  4527 | D:5      | Lost mutation: You are dopey. (Int -2) [potion of mutation]
  4527 | D:5      | Lost mutation: Your spells are a little easier to cast, but
                  | a little less powerful. [potion of mutation]
  4527 | D:5      | Gained mutation: You are partially covered in iridescent
                  | scales. (AC +2) [potion of mutation]
  4544 | D:6      | Noticed a troll
  4625 | D:6      | Noticed Sigmund
  4631 | D:6      | Killed Sigmund
  4632 | D:6      | Reached skill level 5 in Armour
  5043 | D:6      | Slain by a troll

Illustrated notes

Levels and vault maps discovered:
D:1:      heliophobic_arrival_battle_scene, layout_loops_ring,
          shapermc_ecumenical_altar_pompeii
D:2:      layout_basic, basic_altar, serial_glass, glass_columns_a,
          glass_columns_a, glass_columns_a, glass_columns_a, glass_columns_a,
          glass_columns_c, due_unseen_surprise, corner_web_ring, minmay_between
D:3:      cheibrodos_greedy_goblins, layout_rooms, minmay_misc_feat_diagonals
D:4:      layout_layer_cave, temple_doors_e, serial_shops,
          nicolae_shop_behind_doors, gup_sewer_entry_glass
D:5:      layout_loops_ring, st_stairs_1, kennysheep_generic_room_13
D:6:      minmay_polygon_palace, layout_rooms,
          mainiacjoe_overflow_surrounded_room, uniq_sigmund
Temple:   mainiacjoe_temple_bowtie_tessellation

Skill      XL: |  1  2  3  4  5  6  7  8 |
---------------+-------------------------+-----
Fighting       | 4 5 6 |  6.4
Dodging        | 1 2 3 |  3.0
Armour         | 4 5 |  5.1
Shields        | 5 6 |  6.1
Axes           | 3 4 |  4.0
Evocations     | 1 2 |  2.5

Action                   |  1- 3 |  4- 6 |  7- 9 || total
-------------------------+-------+-------+-------++-------
Melee: War axe           |    92 |   104 |   107 ||   303
Invok: Curse Item        |     1 |     1 |       ||     2
 Abil: Dig               |     1 |       |       ||     1
  Use: Scroll            |     3 |     7 |     2 ||    12
       Potion            |       |     7 |     6 ||    13
Armor: Scale mail        |    50 |    47 |    38 ||   135
Dodge: Dodged            |    45 |    48 |    82 ||   175
Block: Buckler           |    19 |    26 |    52 ||    97

Table legend: (Time is in decaauts)
 A = Elapsed time spent in this place.
 B = Non-inter-level travel time spent in this place.
 C = Inter-level travel time spent in this place.
 D = Time resting spent in this place.
 E = Time spent auto-exploring this place.
 F = Levels seen in this place.
 G = Mean time per level.
                   A        B        C        D        E       F      G
               +--------+--------+--------+--------+--------+-----+--------+
         Total |   5163 |   4992 |    171 |    294 |   3781 |   8 |  645.4 |
       Dungeon |   4567 |   4396 |    171 |    194 |   3413 |   6 |  761.2 |
        Temple |      1 |      1 |      0 |      0 |      0 |   1 |    1.0 |
         Sewer |    594 |    594 |      0 |    100 |    368 |   1 |  594.0 |
               +--------+--------+--------+--------+--------+-----+--------+

Top non-repeatable levels by time:
     D:5: 1259 daAuts
     D:4: 908 daAuts
     D:1: 766 daAuts
     D:2: 699 daAuts
   Sewer: 594 daAuts
     D:3: 494 daAuts
     D:6: 439 daAuts
  Temple: 1 daAuts
